[Event "Benidorm Open-A 2022"]
[Site "Benidorm"]
[Date "2022.12.06"]
[Round "5.8"]
[White "Christiansen, Johan-Sebastian"]
[Black "Goossens, Hanne"]
[Result "1-0"]
[ECO "C53"]
[WhiteElo "2582"]
[BlackElo "2200"]
[Annotator "TA"]
[PlyCount "64"]
[EventDate "2022.12.03"]
[EventType "swiss"]
[EventCountry "ESP"]
[SourceTitle "playchess.com"]
[Source "ChessBase"]
[SourceQuality "1"]
[TimeControl "5400+30"]

1. e4 e5 2. Bc4 Nf6 3. d3 Nc6 4. Nf3 Bc5 5. c3 d6 6. a4 a5 7. O-O O-O 8. Bg5 {8.Bg5 has become a bit dusty these days. C54: Giuoco Piano: 4 c3 Nf6, main lines with 5 d4 and 5 d3.} h6 9. Bh4 Ba7 10. Nbd2 {White is slightly better.} (10. Na3 $5) 10... Kh8 {[#]} 11. Re1 $146 ({Predecessor:} 11. Bg3 g5 12. Kh1 Rb8 13. h3 Ng8 14. Qe2 f5 15. exf5 Bxf5 16. Rae1 Qd7 17. Nh2 Nf6 18. Ne4 {½-½ (18) Osipov,A (2100)-Nemec,Z (2357) LSS email 2016}) 11... g5 12. Bg3 Nh7 13. Nf1 h5 14. h4 $1 Bg4 (14... g4 $5 15. N3d2 f5 16. exf5 Bxf5 $11) 15. N1h2 {Strongly threatening hxg5.} Bxf3 16. Nxf3 g4 17. Nd2 Ne7 $1 {White must now prevent ...f5.} 18. d4 $1 Ng6 19. dxe5 dxe5 {Hoping for ...Qf6.} 20. Nf1 (20. Bb3 $11) 20... Qf6 $15 21. Ne3 Nxh4 22. Bxh4 Qxh4 23. g3 Qf6 {[#] And now ...Ng5 would win.} (23... Qh3 $2 24. Bf1 Rad8 25. Qc1 $18) 24. Nf5 Ng5 25. Qe2 ({Better is} 25. Kg2 $1 $15) 25... Nf3+ $19 26. Kg2 Nxe1+ 27. Rxe1 Rg8 (27... Rad8 $17 {aiming for ...Rd7.} 28. Rh1 Qg5) 28. Rh1 $11 Rg5 29. f3 {[#]} (29. Rd1 $1 $11) 29... gxf3+ ({Black should try} 29... Rd8 $1 $17 {Threatens to win with ...gxf3+.} 30. fxg4 Rd7 31. Rxh5+ Rxh5 32. gxh5 Qg5) 30. Qxf3 Qg6 31. Ne7 Qh6 32. Bxf7 (32. Nf5 $11 {should be considered.} Qh7 33. Rd1) 32... Rd8 {[%mdl 32768] Weighted Error Value: White=0.18 (very precise) /Black=0.15 (very precise) . Loss on time!?} 1-0

[Event "Benidorm Open-A 2022"]
[Site "Benidorm"]
[Date "2022.12.06"]
[Round "5.9"]
[White "Van Delft, Merijn"]
[Black "Hiren K G"]
[Result "1-0"]
[ECO "B97"]
[WhiteElo "2367"]
[BlackElo "1965"]
[Annotator "TA"]
[PlyCount "97"]
[EventDate "2022.12.03"]
[EventType "swiss"]
[EventCountry "ESP"]
[SourceTitle "playchess.com"]
[Source "ChessBase"]
[SourceQuality "1"]
[TimeControl "5400+30"]

1. e4 c5 2. Nf3 d6 3. d4 cxd4 4. Nxd4 Nf6 5. Nc3 a6 6. Bg5 e6 7. f4 Qb6 8. Nb3 h6 9. Bxf6 gxf6 10. Qf3 Nc6 11. O-O-O Bd7 12. Kb1 {B97: Sicilian Najdorf: Poisoned Pawn.} O-O-O {[#]} 13. Qh5 $1 Be7 14. g3 {White is better.} (14. Qxf7 $6 h5 $11) 14... Kb8 15. Bh3 {[#]} Qc7 $146 ({Black should try} 15... Be8) ({Predecessor:} 15... Rc8 16. Nd5 Qd8 17. Nxe7 Qxe7 18. Rd2 Rcd8 19. Rhd1 Bc8 20. a3 b6 21. Rd3 Bb7 {1-0 (58) Zuse,P (2270)-Niedermaier,H (2305) Germany 1990}) 16. Rhe1 (16. Qxf7 $142 Rdf8 17. Qh5) 16... Bc8 17. f5 {White has more active pieces.} (17. Qxf7 $6 h5 18. Nd5 (18. Bxe6 $2 Rdf8 $19) 18... exd5 19. Bxc8 Rhf8 $11) 17... Rdg8 (17... Ne5 18. fxe6 fxe6 19. Nd4 $16) 18. Ne2 {aiming for Nf4.} (18. Qxf7 Rg5 19. e5 (19. fxe6 Ne5 $17) 19... dxe5 20. fxe6 Nd8 21. Rxd8 Bxd8 $17) 18... Rg5 19. Qh4 (19. Qxf7 $2 Ne5 $19) (19. Qf3 $16) 19... Ne5 (19... Nb4 20. c3 Nc6 21. Nf4 $16) 20. Ned4 {Prevents Nf3.} h5 $1 (20... Qc4 21. Re3 $14) 21. Qf4 (21. fxe6 $2 Ng6 $19) 21... Ng4 {[#] ...e5 is the strong threat.} 22. Qd2 Rgg8 23. Qe2 e5 (23... Bd7 $11) 24. Nf3 $14 Bd7 25. Bf1 Qb6 26. Rd2 {Inhibits d5.} Rc8 27. Nh4 a5 (27... Bf8 $11) 28. c4 (28. Nc1 $14) 28... Qb4 (28... d5 $11 29. h3 (29. cxd5 Bb4 $17) (29. Rxd5 Bc6 $15) (29. exd5 a4 $17) 29... a4) 29. Na1 $16 {White now steadily converts the win.} Bc6 {[%cal Oc6e4] Strongly threatening ...Bxe4+!} (29... Rxc4 $2 30. a3 $18) 30. a3 Qb6 (30... Bxe4+ $2 31. Ka2 Qb6 32. Qxe4 $18) (30... Qc5 $16 {was necessary.} 31. h3 Nh6) 31. h3 $18 Nh6 32. Qxh5 a4 (32... Ba4 {was called for.}) 33. Qf3 Qa5 34. Red1 Bd8 35. Rxd6 Be7 36. R6d2 b6 37. Nc2 Qa8 38. Bg2 Bc5 39. Nb4 Bd4 (39... Qb7 $142 40. Nd5 Rhd8) 40. Qe2 Ng8 $2 (40... Bc5 41. Nd5 Ng8) 41. Rxd4 exd4 42. Nxc6+ Qxc6 43. e5 Qc7 44. Qe4 Ka7 {Against Qa8+} 45. Nf3 fxe5 46. Nxe5 Rh6 47. Rxd4 {White threatens Rd7 and mate.} Ka6 48. Rd7 Qb8 49. Qb7+ {Weighted Error Value: White=0.21 (precise) /Black=0.48} 1-0

[Event "Benidorm Open-A 2022"]
[Site "Benidorm"]
[Date "2022.12.06"]
[Round "5.10"]
[White "Ibanez Aullana, Ramon"]
[Black "Gavarrete, Nahun"]
[Result "1/2-1/2"]
[ECO "E69"]
[WhiteElo "2270"]
[BlackElo "2308"]
[Annotator "TA"]
[PlyCount "48"]
[EventDate "2022.12.03"]
[EventType "swiss"]
[EventCountry "ESP"]
[SourceTitle "playchess.com"]
[Source "ChessBase"]
[SourceQuality "1"]
[TimeControl "5400+30"]

1. d4 Nf6 2. Nf3 g6 3. g3 Bg7 4. Bg2 O-O 5. O-O d6 6. c4 Nbd7 7. Nc3 e5 8. e4 c6 9. h3 Qb6 10. b3 exd4 11. Na4 Qc7 12. Nxd4 Re8 13. Re1 Nc5 14. Nc3 a5 15. Bf4 Qb6 16. Be3 {[#] E69: King's Indian: Fianchetto: 6...Nbd7 7 0-0 e5 8 e4 c6 9 h3.} (16. Bxd6 $5 Nfd7 17. Rc1 $16) 16... a4 $146 (16... Ncxe4 $2 17. Nxe4 (17. Nf5 Nxc3 18. Bxb6 Nxd1 $15) 17... Nxe4 18. Nf5 $1 $18 ) ({Predecessor:} 16... Nfd7 17. Rb1 Ne5 18. Re2 Qc7 19. Rd2 Qe7 20. f4 Ned7 21. Bf2 h5 22. Qf3 Nf6 23. Re1 Qf8 24. Nc2 Nh7 {0-1 (44) Maiorov,N (2554)-Vovk,A (2549) Livigno 2012}) 17. Rb1 axb3 (17... Ncxe4 $2 18. Nxe4 Nxe4 19. Nf5 $1 $18 (19. bxa4 Qa6 $17)) 18. axb3 {And now b4 would win. White is slightly better.} Qb4 (18... Nfxe4 $2 19. Nxe4 Nxe4 20. Nf5 $1 Bxf5 21. Bxb6 $18) 19. Bd2 {[%cal Oc3b5] Ncb5! is the strong threat.} Qb6 {Inhibits Ncb5.} 20. Be3 (20. Bc1 $11) 20... Qb4 $1 $14 (20... Nfxe4 $2 21. Nxe4 Nxe4 22. Nf5 $1 Bxf5 23. Bxb6 $18) 21. Bd2 Qb6 {[%cal Of6e4] Against Ncb5} 22. Be3 {Black must now prevent b4.} Qb4 (22... Nfxe4 $2 23. Nxe4 Nxe4 24. Nf5 $1 $18) 23. Bd2 (23. Nce2 $14 {feels stronger.} Na6 24. Nc2) 23... Qb6 $1 $11 24. Be3 {aiming for b4.} Qb4 {Weighted Error Value: White=0.24 (precise) /Black=0.00 (flawless)} (24... Nfxe4 $2 25. Nxe4 Nxe4 {[#]} 26. Nf5 $1 Bxf5 27. Bxb6 $18) 1/2-1/2

[Event "Benidorm Open-A 2022"]
[Site "Benidorm"]
[Date "2022.12.06"]
[Round "5.11"]
[White "Kuipers, Eelco"]
[Black "Ram Aravind L N"]
[Result "1/2-1/2"]
[ECO "B40"]
[WhiteElo "2311"]
[BlackElo "2272"]
[Annotator "TA"]
[PlyCount "83"]
[EventDate "2022.12.03"]
[EventType "swiss"]
[EventCountry "ESP"]
[SourceTitle "playchess.com"]
[Source "ChessBase"]
[SourceQuality "1"]
[TimeControl "5400+30"]

1. e4 c5 2. Nf3 e6 3. d3 Nc6 4. g3 g6 5. Bg2 Bg7 6. O-O Nge7 7. Re1 O-O 8. Nbd2 d5 9. e5 Nf5 {A08: King's Indian Attack.} 10. Nf1 (10. Nb3 $5 ) 10... Nfd4 11. Nxd4 {[#]} Nxd4 $146 ({Predecessor:} 11... cxd4 12. f4 Bd7 13. Nd2 Rc8 14. Nf3 Qb6 15. b3 a5 16. Bb2 a4 17. a3 Rfe8 {1-0 (60) Piajaren-Tarve,U Haapsalu 1976}) 12. h4 Nf5 13. Nh2 f6 14. Ng4 (14. Nf3 {simplifies} Nd4 15. Nxd4 cxd4 16. exf6 Qxf6 17. Bf4) 14... fxe5 15. Nxe5 Nd4 (15... Bxe5 $11 16. Rxe5 Qf6) 16. Bg5 $16 Qb6 17. Rb1 Nc6 18. Bf4 {White is more active.} Rf5 {[%cal Rg7e5] Against c4} 19. Nxc6 Qxc6 20. Bh3 {Prevents e5.} Rxf4 21. gxf4 Bd7 22. h5 Rf8 {[#]} 23. hxg6 $1 hxg6 24. Qg4 Rf6 25. Re2 Qd6 (25... Bh6 $16) 26. Rbe1 Kf7 27. Qh4 {Prevents Bh6.} ({Weaker is} 27. Re5 Bh6 $11) 27... Qa6 28. a3 ({Much less strong is} 28. Qh7 $6 Qxa2 29. Kh1 Qxb2) 28... Qa4 $2 {[#]} (28... Qc6 {is a better defense.} 29. Bg4 c4 30. dxc4 (30. Qh7 cxd3 31. cxd3 Qa4 $16) 30... Qxc4) 29. Qg5 (29. Rxe6 $142 $3 {[%mdl 512] Threatening mate with Re7+.} Bxe6 (29... Rxe6 30. Bxe6+) 30. Bxe6+ Rxe6 31. Rxe6) 29... Qc6 30. Qe5 (30. c4 $18 {has better winning chances. aiming for cxd5.} d4 31. Bg4) 30... Bh6 31. Qb8 Kg7 {Inhibits Qh8+.} 32. Qd8 Bxf4 33. Qe7+ (33. b4 $1 $14) 33... Rf7 $11 34. Qh4 Rf6 35. Bg4 g5 36. Qh3 {[%cal Rg4e6] Really sharp!} Rh6 37. Qf3 Qd6 38. Kg2 Rh2+ $1 39. Kg1 {[%cal Re2e6] Strongly threatening Rxe6.} Rh4 (39... Rh6 $11 {keeps the balance.}) 40. Kg2 ({White should play} 40. Rxe6 $16 {Threatens to win with Re7+.} Bxe6 41. Bxe6) 40... Rh2+ $1 41. Kg1 (41. Kf1 $5 Rh6 $8 42. c3 $11) 41... Rh6 42. Kg2 {Black escapes into a draw.   Weighted Error Value: White=0.32/Black=0.29 (precise)} 1/2-1/2

[Event "Benidorm Open-A 2022"]
[Site "Benidorm"]
[Date "2022.12.06"]
[Round "5.12"]
[White "Escartin Lacasa, Jose"]
[Black "Nurgaliyev, Sauat"]
[Result "1-0"]
[ECO "D85"]
[WhiteElo "2277"]
[BlackElo "2113"]
[Annotator "TA"]
[PlyCount "99"]
[EventDate "2022.12.03"]
[EventType "swiss"]
[EventCountry "ESP"]
[SourceTitle "playchess.com"]
[Source "ChessBase"]
[SourceQuality "1"]
[TimeControl "5400+30"]

1. d4 Nf6 2. Nf3 g6 3. c4 Bg7 4. Nc3 d5 5. cxd5 Nxd5 6. e4 Nxc3 7. bxc3 c5 8. Be3 Nc6 9. Rc1 (9. dxc5 Bxc3+ 10. Bd2 Bxa1 11. Qxa1 f6 $17) 9... cxd4 {9...Qa5 deserves study. D85: Exchange Grünfeld: Unusual White 7th moves and lines with 7 Nf3.} 10. cxd4 O-O 11. d5 Ne5 {The position is equal.} 12. Nxe5 Bxe5 13. Be2 Qa5+ 14. Qd2 Qxd2+ 15. Kxd2 {[#]} (15. Bxd2 {simplifies} Bd6 16. f4 b6 17. Kf2) 15... e6 $146 ({Predecessor:} 15... Bd7 16. f4 Bd6 17. Rb1 a5 18. Bd3 Bb4+ 19. Ke2 Rfc8 20. Bd4 b5 21. Rhc1 e6 {1-0 (57) Harutyunian,T (2334)-Naoum,S (2203) Budva 2013}) 16. Bc4 $36 {[%mdl 2048] White is more active.} exd5 17. Bxd5 Be6 18. Bxe6 $1 (18. Bxb7 Rab8 19. Bd5 Rfd8 $11) 18... fxe6 19. Ke2 Rac8 20. Rhd1 (20. Bxa7 Ra8 21. Bb6 Rxa2+ 22. Kd3 Ra3+ 23. Ke2 Ra2+ 24. Kd3 Rfa8 $11) 20... Rxc1 21. Rxc1 $14 {[%mdl 4096] Endgame KRB-KRB} Bf4 22. g3 Bxe3 23. Kxe3 $16 {KR-KR} Rf7 24. f4 Rd7 25. a4 Kf7 26. g4 Ke7 (26... e5 $11) 27. h4 Kd8 28. h5 Rc7 $2 {[#]} (28... gxh5 $16 29. gxh5 b6) 29. hxg6 $1 hxg6 30. Rh1 {Hoping for Rh6.} Rc4 {[#]} 31. Rh7 $1 Rxa4 32. Rxb7 {Rg7 is the strong threat.} a5 $2 {[%mdl 8192] Black cannot hold the game after this.} (32... Ra5 $16 33. Rg7 e5) 33. Rg7 $18 Ra1 34. Kd4 a4 {[#]} 35. g5 $1 (35. Rxg6 a3 36. Rg8+ (36. Rxe6 $2 Rd1+ 37. Ke3 a2 $19) 36... Ke7 $18) 35... a3 (35... Kc8 $142 36. Ke5 (36. Rxg6 a3 $11) 36... Rb1 37. Kxe6 (37. Rxg6 $2 a3 $19) 37... Rb6+ 38. Kd5 Ra6) 36. Ra7 (36. Rxg6 Rd1+ 37. Ke5 a2 38. Rg8+ Ke7 39. Rg7+ Kf8 $19) 36... e5+ 37. Kxe5 {White mates.} a2 38. Kf6 ({Inferior is} 38. f5 gxf5 39. g6 Rg1 40. Rxa2 (40. Kxf5 $2 {perishes.} a1=Q $19) 40... Rxg6 $11) 38... Rf1 39. Rxa2 Rxf4+ 40. Kxg6 Rxe4 41. Kg7 Ke7 42. g6 Re3 43. Rf2 Re4 44. Kh7 Rg4 45. g7 Rh4+ 46. Kg8 Rh5 47. Re2+ Kf6 48. Kf8 Ra5 49. g8=Q Ra8+ 50. Re8 {Weighted Error Value: White=0.03 (flawless) /Black=0.40} 1-0

[Event "Benidorm Open-A 2022"]
[Site "Benidorm"]
[Date "2022.12.06"]
[Round "5.13"]
[White "Docx, Stefan"]
[Black "Slagboom, Leandro"]
[Result "1-0"]
[ECO "C02"]
[WhiteElo "2446"]
[BlackElo "2147"]
[Annotator "TA"]
[PlyCount "83"]
[EventDate "2022.12.03"]
[EventType "swiss"]
[EventCountry "ESP"]
[SourceTitle "playchess.com"]
[Source "ChessBase"]
[SourceQuality "1"]
[TimeControl "5400+30"]

1. e4 e6 2. d4 d5 3. e5 c5 4. c3 Nc6 5. Nf3 Qb6 6. a3 c4 7. Nbd2 Na5 8. Rb1 $1 {[%mdl 4] is more profitable than 8.Be2 at the moment.} Bd7 9. h4 {C02: French: Advance Variation.} Ne7 10. h5 h6 11. b4 {The position is equal.} cxb3 12. Nxb3 Ba4 13. Nxa5 {[%cal Bb3a5,Ba5b7,Bb7d6][%mdl 32] [#]} Bxd1 $146 ({Better is} 13... Qxa5 $11 14. Qd2 b5) ({Predecessor:} 13... Qxa5 14. Qd2 O-O-O 15. Qb2 Qc7 16. Bd3 Nc6 17. Be3 Na5 18. Nd2 b6 19. O-O Nc4 {0-1 (62) Jimenez Fernandez,R (1908)-Luque Saiz,A (2289) Salobrena 2022}) 14. Rxb6 $14 axb6 15. Nxb7 {Hoping for Bb5+.} Ba4 {Against Bb5+} 16. Nd6+ Kd7 17. Nxf7 {Pair of Knights!} Rg8 18. Bd3 $1 Nf5 (18... Rc8 $14) 19. g4 $16 {White is more active.} Ke8 20. gxf5 Kxf7 21. Rg1 Bd7 (21... exf5 $142 22. Bxf5 Be8) 22. fxe6+ $18 Bxe6 23. Bg6+ Ke7 24. Nh4 $1 Kd7 25. Bh7 Rh8 26. Bd3 Bxa3 $2 (26... Rg8 {might work better.} 27. a4 Bf7 28. Bb5+ Kd8) 27. Rxg7+ Kd8 28. Ng6 (28. Bxa3 $142 Rxa3 29. Ng6) 28... Bxc1 29. Nxh8 Bf4 $2 (29... Bb2 {was necessary.} 30. Kd2 Ra3 31. Nf7+ Bxf7) 30. Rg6 Ke7 31. Rg7+ $2 (31. Rf6 $1 $18 {And now Ng6+ would win.} Ra1+ 32. Ke2 Bg4+ 33. f3 Ra2+ 34. Ke1 Bd2+ 35. Kd1) 31... Kf8 $2 (31... Kd8 $1 $11 {and Black stays safe.} 32. Nf7+ Bxf7) 32. Rg6 Ke7 {[#]} 33. Rg7+ $2 (33. Rf6 $1 $18 {Threatens to win with Ng6+.} Ra1+ 34. Ke2 Bg4+ 35. f3 Ra2+ 36. Ke1 Bd2+ 37. Kf1 Bh3+ 38. Kf2 Bg5+ 39. Kg3 Bxf6 40. exf6+ Kxf6 41. Kxh3) 33... Kf8 $2 {[%mdl 8192] [#]} (33... Kd8 $11 34. Nf7+ Bxf7) 34. Rg2 $1 {Strongly threatening Ng6+.} Bf7 35. Bg6 ({Don't play} 35. Ng6+ Bxg6 36. Rxg6 Ke7 37. Rg7+ Kf8 $18) 35... Be6 36. Bc2 Ra1+ 37. Ke2 {aiming for Ng6+. White is clearly winning.} Ra2 (37... Bf7 $142 38. Nxf7 Ra2) 38. Ng6+ Kf7 39. Nxf4 Rxc2+ 40. Ke3 {Black must now prevent Rg6.} Rxc3+ 41. Kd2 Rb3 (41... Rf3 $142) 42. Rg6 {Weighted Error Value: White=0.56/Black=0.87} 1-0

[Event "Benidorm Open-A 2022"]
[Site "Benidorm"]
[Date "2022.12.06"]
[Round "5.14"]
[White "Ojas Kulkarni"]
[Black "Cruz Lledo, Pablo"]
[Result "1/2-1/2"]
[ECO "D37"]
[WhiteElo "2233"]
[BlackElo "2404"]
[Annotator "TA"]
[PlyCount "60"]
[EventDate "2022.12.03"]
[EventType "swiss"]
[EventCountry "ESP"]
[SourceTitle "playchess.com"]
[Source "ChessBase"]
[SourceQuality "1"]
[TimeControl "5400+30"]

1. c4 Nf6 2. d4 e6 3. Nc3 d5 4. Bg5 Be7 5. Nf3 O-O 6. Qc2 h6 7. Bxf6 Bxf6 8. cxd5 exd5 9. e3 Re8 {D55: Queen's Gambit Declined: 4 Bg5 Be7: Lines without ...h6 and 6...h6 7 Bxf6.} 10. Be2 c6 11. O-O Bg4 12. h3 Bh5 13. b4 {[#]} Bg6 $146 ({Predecessor:} 13... a6 14. a4 Nd7 15. b5 axb5 16. axb5 Nb6 17. bxc6 bxc6 18. Na4 Nxa4 19. Rxa4 Rc8 {0-1 (31) Le,T (2015)-Le,T (1728) Hanoi 2022}) 14. Bd3 Bxd3 15. Qxd3 Nd7 16. b5 Qa5 17. bxc6 bxc6 18. Rac1 Rab8 19. Qc2 Rb4 20. a3 (20. Ne2 $5 ) 20... Qxa3 21. Ra1 Qb3 22. Qxb3 (22. Qf5 {seems wilder.} Rd8 23. Rxa7 Rb7 24. Rxb7 Qxb7 25. Rb1) 22... Rxb3 23. Rxa7 {And now Nxd5 would win.} Nb6 24. Rb1 (24. Rc1 $14) 24... Rxb1+ $11 25. Nxb1 Nc4 26. Nbd2 Nd6 27. Rc7 Rc8 28. Rxc8+ (28. Rd7 $5 Nc4 29. Kf1 $11) 28... Nxc8 {The position is equal.} 29. Kf1 Kf8 30. Ke2 Ke7 {Weighted Error Value: White=0.09 (flawless) /Black=0.09 (flawless)} 1/2-1/2

[Event "Benidorm Open-A 2022"]
[Site "Benidorm"]
[Date "2022.12.06"]
[Round "5.15"]
[White "Fernandez Garcia, Gumersindo"]
[Black "Nandhidhaa, P V"]
[Result "1/2-1/2"]
[ECO "A56"]
[WhiteElo "2172"]
[BlackElo "2309"]
[Annotator "TA"]
[PlyCount "38"]
[EventDate "2022.12.03"]
[EventType "swiss"]
[EventCountry "ESP"]
[SourceTitle "playchess.com"]
[Source "ChessBase"]
[SourceQuality "1"]
[TimeControl "5400+30"]

1. d4 Nf6 2. c4 c5 3. d5 g6 4. Nc3 Bg7 5. e4 d6 6. Bg5 h6 7. Bf4 {[#]} b5 $146 {E70: King's Indian: Miscellaneous lines with 4 e4, including 5 Nge2 and 5 Bd3 0-0 6 Nge2.} ({Predecessor:} 7... O-O 8. f3 a6 9. a4 Re8 10. Nge2 e6 11. Ng3 exd5 12. cxd5 h5 13. Be2 h4 14. Nf1 Nh5 15. Be3 Nd7 16. g4 hxg3 17. hxg3 {½-½ (45) Damljanovic,B (2572)-Saric,I (2626) Novi Sad 2012}) 8. cxb5 ({Much weaker is} 8. Nxb5 $6 Nxe4 9. Bd3 Qa5+ 10. Bd2 (10. Kf1 a6 $15) 10... Nxd2 11. Qxd2 Qxd2+ 12. Kxd2 Na6 $11) 8... a6 9. f3 O-O {White is better.} 10. Qd2 Kh7 11. a4 axb5 12. Bxb5 Ba6 13. Nge2 Nbd7 14. O-O {White is more active.} (14. Bxa6 {simplifies} Rxa6 15. O-O Ne8 16. Rfb1) 14... Qa5 15. Rfc1 ({Better is} 15. Bc6 $16) 15... Rfb8 (15... Bxb5 $1 $11 {remains equal.} 16. Nxb5 Qxd2 17. Bxd2 Nxd5) 16. Bc6 $16 Bb7 17. Bb5 Ba6 $1 18. Bc6 Bb7 19. Bb5 Ba6 $1 {Weighted Error Value: White=0.36/Black=0.17 (very precise)} 1/2-1/2

[Event "Benidorm Open-A 2022"]
[Site "Benidorm"]
[Date "2022.12.06"]
[Round "5.16"]
[White "Roe, Simon J"]
[Black "Arjun C Krishnamachari"]
[Result "1-0"]
[ECO "A20"]
[WhiteElo "2146"]
[BlackElo "2241"]
[Annotator "TA"]
[PlyCount "145"]
[EventDate "2022.12.03"]
[EventType "swiss"]
[EventCountry "ESP"]
[SourceTitle "playchess.com"]
[Source "ChessBase"]
[SourceQuality "1"]
[TimeControl "5400+30"]

1. c4 e5 2. g3 d5 3. cxd5 Qxd5 4. Nf3 Nc6 5. Nc3 Qd8 6. Bg2 Nf6 7. O-O Bc5 {7...h6 is becoming the main line. A29: English Opening: Four Knights Variation with 4 g3.} 8. d3 (8. b4 $5 Bd6 9. Qa4 $14) 8... h6 9. a3 a6 {White has an edge.} 10. b4 {[#]} Bb6 $146 ({Predecessor:} 10... Ba7 11. Bb2 O-O 12. Rc1 Be6 13. Nd2 Nd5 14. Nxd5 Bxd5 15. Ne4 Re8 16. Nc5 Bxg2 17. Kxg2 {½-½ (35) Cordoba Perez,J (1812)-Campos Gomez,M (1994) Bogota 2021}) 11. Bb2 Qe7 12. Na4 Ba7 (12... O-O $142) 13. Rc1 $16 O-O {[#]} 14. Rxc6 $1 bxc6 15. Nxe5 Bd7 16. Nxd7 {White is more active.} (16. Bxc6 Bxc6 17. Nxc6 Qd6 $16) 16... Nxd7 17. Bxc6 {This pair of bishops is nice.} Rad8 18. Qc2 Ne5 19. Bg2 Rfe8 20. Nc5 (20. Bxe5 $16 Qxe5 21. e3) 20... Bxc5 $14 21. bxc5 Nd7 22. Qc3 f6 (22... Qf8 $14) 23. Qc4+ (23. c6 $1 $16 Nb6 24. e3) 23... Kh8 24. Bf3 ({But not} 24. Qxa6 Qxe2 25. Qb5 Re7 $15) (24. c6 $5 Ne5 25. Qc2 $14 (25. Qxa6 $2 Ra8 $19)) 24... Qxc5 25. Qxa6 Qc2 26. Ba1 (26. Qb5 {simplifies} Rxe2 27. Bxe2 Qxe2 28. Qb7) 26... Ne5 27. Bh5 (27. Bxe5 {simplifies} Rxe5 28. Kg2 Qc3 29. Rb1) 27... Re7 28. a4 (28. Qb5 {keeps more tension.} Red7 29. Bxe5 Rd5 30. Qb4) 28... Qc6 (28... Rb8 $11) 29. Qxc6 $16 Nxc6 30. Rc1 ({White should try} 30. Rb1 $16) 30... Nd4 $1 $11 31. Bxd4 Rxd4 {[%mdl 4096] Endgame KRR-KRB} 32. Ra1 Re5 {Inhibits a5.} 33. Bf3 {And now a5 would win.} Ra5 34. Bc6 Rb4 {[#]} (34... Rc5 $1 $11 35. Be8 Rd8) 35. Rc1 $1 $16 Rb2 36. Kf1 Kg8 37. Bb5 Ra7 38. h4 Kf7 39. Rc6 Rb4 40. Kg2 Rd4 41. Rc5 Ke7 42. e3 Rd6 43. d4 Rb6 {[#]} 44. e4 $1 Rd6 45. d5 g5 (45... Rb6 $16 {keeps fighting.}) 46. h5 (46. Kh3 $18 {and White stays clearly on top.}) 46... Rb6 47. f4 gxf4 $2 (47... Kd6 $16 {is a better defense.} 48. Rc3 Ra8) 48. gxf4 $18 Kd6 49. Rc6+ ({Only move:} 49. Rc3 $18) 49... Rxc6 $11 50. Bxc6 {KR-KB} Ra5 51. Kf3 {Threatens to win with Kg4.} Rc5 52. Kg4 {Black must now prevent Kf5.} Rc2 $2 {[%mdl 8192] White leaves nothing to chance now.} (52... Ke7 $1 $11 {and Black is okay.}) 53. Kf5 $18 Rf2 (53... Ke7 $142 54. Kg6 Rf2 55. Kxh6 Rxf4) 54. a5 $1 {[%cal Ba4a5,Ba5a6][%mdl 32] Hoping for a6!} ({Inferior is} 54. Kxf6 Rxf4+ 55. Kg7 Rxe4 $11) 54... Kc5 {Inhibits a6.} 55. a6 (55. Kxf6 Rxf4+ 56. Ke5 Rh4 $18) 55... Kb6 {Inhibits a7.} 56. Bb7 Rf1 57. Bc8 Re1 58. e5 fxe5 59. fxe5 {Strongly threatening e6.} Rd1 60. Bb7 Rf1+ 61. Kg6 {[%cal Oe5e6] e6! would kill now.} Rg1+ 62. Kf7 Rg5 63. e6 {Threatening mate with e7.} Rf5+ 64. Kg6 Re5 65. Kf6 {White mates.} Re1 66. e7 Re2 67. Kf7 Rf2+ 68. Ke6 Re2+ 69. Kd7 c5 70. e8=Q Rxe8 71. Kxe8 c4 72. d6 c3 73. Be4 {Weighted Error Value: White=0.18 (very precise) /Black=0.31} 1-0